 Dungeon Crawl Stone Soup version 0.27-a0-1324-ge0d8e047f6 (webtiles) character file.

Game seed: 13907419201464551967

6418 spiderkeys the Grappler (level 10, -1/102 HPs)
             Began as a Troll Abyssal Knight on June 23, 2021.
             Was a Priest of Lugonu.
             Slain by Erolcha (18 damage)
             ... on level 9 of the Dungeon.
             The game lasted 00:14:33 (6908 turns).

spiderkeys the Grappler (Troll Abyssal Knight)      Turns: 6908, Time: 00:14:34

Health: -1/102     AC: 16    Str: 25    XL:     10   Next: 66%
Magic:  14/14      EV:  8    Int:  8    God:    Lugonu [***...]
Gold:   1874       SH:  0    Dex: 15    Spells: 9/9 levels left

rFire    . . .     SeeInvis .     - Unarmed
rCold    . . .     Faith    +   (no shield)
rNeg     . . .     Spirit   .   k - +1 shadow dragon scales {rare}
rPois    .         Reflect  .   (helmet restricted)
rElec    .         Harm     .   J - +0 cloak
rCorr    .         Rampage  .   (gloves unavailable)
Will     .....                  (boots unavailable)
Stlth    ++........             T - amulet of faith {!P}
HPRegen  1.27/turn              D - +6 ring of dexterity
MPRegen  0.14/turn              L - ring of flight

@: confused, ambrosia-drunk, flying
A: large, unfitting armour, claws 3, regeneration 1, shaggy fur 1, tough skin 1
a: Renounce Religion, Depart the Abyss, Bend Space, Banish


You were on level 9 of the Dungeon.
You worshipped Lugonu.
Lugonu was most pleased with you.
You visited 1 branch of the dungeon, and saw 9 of its levels.
You visited the Abyss 2 times.

You collected 2044 gold pieces.
You spent 170 gold pieces at shops.


Innate Abilities, Weirdness & Mutations

You are too large for most types of armour.
You have claws for hands.
Your natural rate of healing is unusually fast.
You are covered in fur. (AC +1)
You have tough skin. (AC +1)


   Skills:
 + Level 7.3 Fighting
 + Level 4.4 Armour
 - Level 5.3 Dodging
 + Level 8.4 Unarmed Combat
 + Level 7.6 Invocations


You had 9 spell levels left.
You didn't know any spells.
Your spell library contained the following spells:

 Spells                   Type           Power      Damage    Failure   Level
 Animate Skeleton         Necr           0%         N/A       96%         1
 Corona                   Hex            0%         N/A       96%         1
 Pain                     Necr           0%         1d4       96%         1
 Ensorcelled Hibernation  Hex/Ice        0%         N/A       99%         2
 Passwall                 Tmut/Erth      0%         N/A       99%         2
 Slow                     Hex            0%         N/A       99%         2
 Inner Flame              Hex/Fire       0%         N/A       100%        3
 Portal Projectile        Hex/Tloc       0%         N/A       100%        3
 Swiftness                Air            0%         N/A       100%        3
 Vampiric Draining        Necr           0%         2d6       100%        3
 Animate Armour           Summ/Erth      0%         N/A       100%        4
 Animate Dead             Necr           0%         N/A       100%        4
 Cause Fear               Hex            0%         N/A       100%        4
 Leda's Liquefaction      Hex/Erth       0%         N/A       100%        4
 Passage of Golubria      Tloc           N/A        N/A       100%        4
 Agony                    Necr           0%         N/A       100%        5
 Borgnjor's Vile Clutch   Necr/Erth      0%         N/A       100%        5
 Lee's Rapid Deconstruct  Erth           0%         3d5*      100%        5
 Silence                  Hex/Air        0%         N/A       100%        5
 Invisibility             Hex            0%         N/A       100%        6
 Shadow Creatures         Summ           N/A        N/A       100%        6

Inventory:

Missiles
 c - 8 atropa-tipped darts
 f - 216 stones
 n - 68 poisoned darts
 o - 7 curare-tipped darts {=f}
 q - 12 sling bullets
 t - 32 bolts
 F - 69 arrows
 H - 4 javelins
 Q - 4 large rocks {=f}
Armour
 a - a +0 robe
 k - +1 shadow dragon scales (worn) {rare}
   (You acquired it on level 4 of the Dungeon)
 J - a +0 cloak (worn)
   (You took it off Crazy Yiuf on level 4 of the Dungeon)
Jewellery
 D - a +6 ring of dexterity (left claw)
   (You found it on level 2 of the Dungeon)
 I - a +6 ring of intelligence
   (You found it on level 1 of the Abyss)
 L - a ring of flight (right claw)
   (You found it on level 4 of the Dungeon)
 R - a ring of resist corrosion
   (You found it on level 5 of the Dungeon)
 T - an amulet of faith (around neck) {!P}
   (You bought it in a shop on level 7 of the Dungeon)
 W - a ring of magical power
   (You found it on level 6 of the Dungeon)
Wands
 b - a wand of iceblast (32)
   (You found it on level 2 of the Abyss)
 i - a wand of acid (6)
   (You found it on level 2 of the Dungeon)
 A - a wand of polymorph (3)
   (You took it off an orc on level 4 of the Dungeon)
 G - a wand of flame (44)
   (You found it on level 5 of the Dungeon)
Scrolls
 g - a scroll of noise {!r}
 j - 5 scrolls of enchant weapon
 l - a scroll of brand weapon
 m - 2 scrolls of teleportation {@r4}
 s - a scroll of blinking {!r}
 y - 4 scrolls of amnesia
 K - 3 scrolls of vulnerability {unknown}
 M - a scroll of immolation {unknown}
 N - a scroll of enchant armour {unknown}
 O - a scroll of fear
 P - a scroll of identify {@r1}
Potions
 d - 3 potions of flight
 e - a potion of brilliance
 h - 2 potions of lignification {!q}
 p - 3 potions of magic
 r - 5 potions of curing {@q1}
 u - a potion of degeneration {unknown}
 v - a potion of invisibility {unknown}
 w - a potion of berserk rage {!q}
 x - 2 potions of ambrosia
 z - a potion of might
 B - a potion of mutation {unknown}
 C - a potion of attraction {unknown}
 E - a potion of heal wounds {unknown}

Dungeon Overview and Level Annotations

Branches:
Dungeon (9/15)             Temple (0/1) D:6
   Lair: D:8-11         Orc: D:9-12

Altars:
Ashenzari
Elyvilon
Hepliaklqana
Makhleb
Ru
Wu Jian
Xom

Shops:
D:7 *   D:8 *

Annotations:
D:4 2 runed translucent doors
D:9 Erolcha

##+######
#.......#
#..@{...#
...
+...$...#
...
#.......#
...
###'#####
#.# #.#
#.# #.#
#.# #.#
#.#
##.######
######'###
#.......#


There were no monsters in sight!


Message History

2 zombies come into view.
Found a stone staircase leading down.
There is an open door here.
There are monsters nearby!
There are monsters nearby!
The helpless killer bee zombie fails to defend itself.
You claw the killer bee zombie!
The killer bee zombie hits you but does no damage. x2
You claw the killer bee zombie!
You destroy the killer bee zombie!
Lugonu accepts your kill. The centaur zombie barely misses you.
The centaur zombie closely misses you. x2
The centaur zombie barely misses you.
You claw the centaur zombie!
The centaur zombie closely misses you. x2
You mangle the centaur zombie!!
The centaur zombie hits you but does no damage.
The centaur zombie kicks you but does no damage.
A centaur zombie is nearby!
You scratch the centaur zombie.
You destroy the centaur zombie!
Lugonu accepts your kill.
You reach down and open the door.
There is an open door here.
You reach down and open the door.
A troll comes into view.
Found an escape hatch in the floor.
A troll is nearby!
A troll is nearby!
There is an open door here.
You mangle the troll!! The troll bites you! The troll barely misses you.
The troll claws you but does no damage. 😕 HP[-9]
You take 9 damage, and now have 93/102 hp.
You closely miss the troll. The troll barely misses you. The troll claws you.
The troll barely misses you.
You claw the troll! The troll barely misses you. The troll claws you.
The troll claws you! 😕 HP[-11]
You take 11 damage, and now have 82/102 hp.
You claw the troll!
You kill the troll!
Lugonu accepts your kill. 😕 HP[+1] No target in view!
Unknown command.
There is an escape hatch in the floor here.
You reach down and open the door.
There is an open door here.
As you open the door, it creaks loudly!
There is an open door here.
Key pressed, stopping explore.
You now have 1874 gold pieces (gained 18).
You reach down and open the door.
Erolcha the Cunning comes into view.
She is wielding a +4 giant spiked club and wearing a +2 robe of cold resistance. 😎 HP[+19]
Your hp is fully restored (102).
Erolcha shouts!
Erolcha mumbles some strange words.
Erolcha blinks!
There is an open door here.
Erolcha mumbles some strange words.
Erolcha flickers and vanishes!
Deactivating autopickup; reactivate with Ctrl-A.
No target in view!
No target in view!
There is a strange disturbance nearby!
You barely miss something. Your claw misses something.
Something hits you!! 😮 HP[-31]
You take 31 damage, and now have 71/102 hp.
MASSIVE DAMAGE!! (PAUSE)
You closely miss something. 😮 HP[+1]
You mangle something!! Something hits you!!
* * * LOW HITPOINT WARNING * * *
😨 HP[-23]
You take 23 damage, and now have 49/102 hp.
MASSIVE DAMAGE!! (PAUSE)
You closely miss something. You claw something!!
You hear some strange, mumbled words. 😨 HP[+2]
You regained 2 hp, and now have 51/102 hp. 😮 HP[+1]
You scratch something. Something hits you!
* * * LOW HITPOINT WARNING * * *
😨 HP[-11]
You take 11 damage, and now have 41/102 hp.
You completely miss something. You claw something. Something hits you.
* * * LOW HITPOINT WARNING * * *
😨 HP[-5]
You take 5 damage, and now have 36/102 hp.
Unknown command.
You barely miss something. Something hits you!!
* * * LOW HITPOINT WARNING * * *
😱 HP[-24]
You take 24 damage, and now have 12/102 hp.
MASSIVE DAMAGE!! (PAUSE) It was a potion of ambrosia.
You are confused.
You feel invigorated. Something hits you!!
You die...

Skill      XL: |  1  2  3  4  5  6  7  8  9 10 |
---------------+-------------------------------+-----
Fighting       | 3 4 5 6 7 |  7.3
Dodging        | 2 3 4 5 |  5.3
Unarmed Combat | 3 4 5 6 7 8 |  8.4
Invocations    | 2 3 4 5 6 7 |  7.6
Armour         | 3 4 |  4.4

Action                   |  1- 3 |  4- 6 |  7- 9 | 10-12 || total
-------------------------+-------+-------+-------+-------++-------
Melee: Unarmed           |    12 |    26 |   511 |   121 ||   670
       Punch             |       |       |    11 |     7 ||    18
Throw: Dart              |       |       |     4 |       ||     4
Invok: Depart the Abyss  |       |       |     1 |     1 ||     2
       Bend Space        |       |       |       |     1 ||     1
       Enter the Abyss   |       |       |       |     1 ||     1
Evoke: Wand              |       |       |       |     2 ||     2
  Use: Potion            |       |     1 |       |     2 ||     3
       Scroll            |       |       |    20 |       ||    20
 Stab: Sleeping          |       |       |     8 |     4 ||    12
Armor: Robe              |     9 |     5 |   106 |       ||   120
       Shadow dragon sca |       |       |    95 |    77 ||   172
Dodge: Dodged            |     7 |    14 |   230 |    46 ||   297

Levels and vault maps discovered:
D:1:      psy_arrival_conway, layout_loops_cross, basic_ecumenical_altar
D:2:      layout_rooms, basic_altar, grunt_ministairs_10,
          hangedman_decor_lopped, roderic_cross_of_infinity,
          chequers_serial_rivers_large_b, minmay_tetromino_t2, uniq_terence
D:3:      layout_basic
D:4:      minmay_spotlight, layout_loops_cross, lemuel_crystal_altar,
          nicolae_overflow_hidden_temple, bloody_makhleb,
          minmay_hollow_rounded_squares, uniq_crazy_yiuf_cottage, uniq_ijyb,
          uniq_grinder
D:5:      layout_loops_cross
D:6:      layout_rooms, old_standard_altar, minmay_temple_entry_mist,
          chequers_mini_garden, uniq_menkaure
D:7:      layout_loops_ring, jmf_multi_god_temple2, serial_shops,
          nicolae_shop_trees, uniq_prince_ribbit1
D:8:      layout_rooms, nicolae_shop_clearance
D:9:      layout_roguey, kennysheep_mini_moat, uniq_pikel, uniq_erolcha

Notes
Turn   | Place    | Note
-------+----------+-------------------------------------------
     0 | Abyss:1  | spiderkeys the Troll Abyssal Knight began the quest for the
                  | Orb.
     0 | Abyss:1  | Reached XP level 1. HP: 22/22 MP: 1/1
     0 | Abyss:1  | magus.rc [v1.9.10]
    64 | Abyss:1  | Found a corrupted altar of Lugonu.
    77 | Abyss:1  | Noticed a tentacled starspawn
    98 | Abyss:1  | Noticed a flying skull
   104 | Abyss:1  | Noticed a ynoxinul
   119 | Abyss:1  | Noticed a large abomination
   120 | Abyss:1  | HP: 5/22 [ynoxinul (10)]
   121 | Abyss:1  | Killed a ynoxinul
   122 | Abyss:1  | Reached skill level 3 in Fighting
   122 | Abyss:1  | Reached skill level 2 in Dodging
   122 | Abyss:1  | Reached skill level 3 in Unarmed Combat
   122 | Abyss:1  | Reached skill level 2 in Invocations
   122 | Abyss:1  | Reached XP level 2. HP: 9/31 MP: 3/3
   122 | Abyss:1  | Reached XP level 3. HP: 11/37 MP: 4/4
   122 | Abyss:1  | Reached XP level 4. HP: 13/45 MP: 5/5
   122 | Abyss:1  | Reached XP level 5. HP: 16/53 MP: 6/6
   133 | Abyss:1  | Noticed a tentacled starspawn
   196 | Abyss:1  | Noticed a ynoxinul
   221 | Abyss:1  | Killed a ynoxinul
   222 | Abyss:1  | Reached skill level 3 in Dodging
   222 | Abyss:1  | Reached skill level 3 in Invocations
   222 | Abyss:1  | Reached XP level 6. HP: 19/61 MP: 7/7
   292 | Abyss:2  | Noticed a death drake
   304 | Abyss:2  | Noticed a floating eye
   304 | Abyss:2  | a death drake changed into a floating eye
   308 | Abyss:2  | Noticed a moth of wrath
   308 | Abyss:2  | a floating eye changed into a moth of wrath
   314 | Abyss:2  | Killed a moth of wrath
   315 | Abyss:2  | Reached skill level 4 in Fighting
   315 | Abyss:2  | Reached skill level 4 in Unarmed Combat
   315 | Abyss:2  | Reached XP level 7. HP: 70/70 MP: 8/8
   327 | Abyss:2  | Noticed a tentacled starspawn
   334 | D:1      | You pass through the gate.
   334 | D:1      | Escaped the Abyss
   530 | D:1      | Found a faded altar of an unknown god.
   533 | D:1      | Reached * piety under Lugonu
   619 | D:1      | You fall into a shaft and drop 1 floor!
   655 | D:2      | Noticed Terence
   666 | D:2      | Killed Terence
   702 | D:2      | Reached skill level 4 in Invocations
  1269 | D:2      | Reached ** piety under Lugonu
  1454 | D:2      | Found a shimmering altar of Xom.
  1535 | D:2      | Reached skill level 4 in Dodging
  2820 | D:4      | Noticed Grinder
  2826 | D:4      | Paralysed by Grinder for 7 turns
  2836 | D:4      | Killed Grinder
  2837 | D:4      | Reached skill level 5 in Unarmed Combat
  2837 | D:4      | Reached XP level 8. HP: 67/79 MP: 10/10
  2857 | D:4      | Reached *** piety under Lugonu
  2867 | D:4      | Found a burning altar of Makhleb.
  2908 | D:4      | Noticed Ijyb
  2914 | D:4      | Found a shimmering altar of Xom.
  2977 | D:4      | Killed Ijyb
  3131 | D:4      | Noticed a two-headed ogre
  3139 | D:4      | Killed a two-headed ogre
  3140 | D:4      | Reached skill level 5 in Fighting
  3140 | D:4      | Reached skill level 5 in Dodging
  3140 | D:4      | Reached skill level 6 in Unarmed Combat
  3140 | D:4      | Reached skill level 5 in Invocations
  3266 | D:4      | Found a large runed translucent door.
  3266 | D:4      | Found a large runed translucent door.
  3276 | D:4      | Found the +9 sword of Zonguldrok {reap}
  3285 | D:4      | Found a large runed translucent door.
  3285 | D:4      | Found a large runed translucent door.
  3291 | D:4      | Identified the +5 quarterstaff of Collusion {elec, rN+
                  | Str+4}
  3301 | D:4      | You pick up a book of Dreams and begin reading...
  3301 | D:4      | You add the spells Ensorcelled Hibernation, Animate Armour,
                  | Borgnjor's Vile Clutch, Silence and Shadow Creatures to
                  | your library.
  3352 | D:4      | Reached XP level 9. HP: 74/88 MP: 12/12
  3453 | D:4      | Found a sacrificial altar of Ru.
  3476 | D:4      | Found a runed translucent door.
  3477 | D:4      | Noticed Crazy Yiuf
  3649 | D:4      | You pick up a book of Burglary and begin reading...
  3649 | D:4      | You add the spells Passwall, Swiftness, Passage of
                  | Golubria, Lee's Rapid Deconstruction and Invisibility to
                  | your library.
  3861 | D:4      | Killed Crazy Yiuf
  3887 | D:4      | Identified 3 scrolls of acquirement
  3890 | D:4      | Acquired +1 shadow dragon scales
  3891 | D:4      | k - +1 shadow dragon scales {rare}
  3892 | D:4      | Acquired 555 gold pieces
  3894 | D:4      | Acquired 1120 gold pieces
  3906 | D:4      | You finish putting on your +1 shadow dragon scales {rare}.
  3909 | D:5      | Entered Level 5 of the Dungeon
  3935 | D:5      | Reached **** piety under Lugonu
  4045 | D:5      | Reached skill level 1 in Armour
  4208 | D:5      | Reached skill level 6 in Invocations
  4373 | D:5      | Reached skill level 6 in Fighting
  4430 | D:5      | You pick up a book of Debilitation and begin reading...
  4430 | D:5      | You add the spells Corona, Slow, Inner Flame, Portal
                  | Projectile, Cause Fear and Leda's Liquefaction to your
                  | library.
  4833 | D:6      | Found a staircase to the Ecumenical Temple.
  4891 | D:6      | Reached skill level 2 in Armour
  4907 | D:6      | Reached skill level 7 in Unarmed Combat
  4947 | D:6      | Noticed Menkaure
  4954 | D:6      | Killed Menkaure
  5015 | D:6      | Found a broken altar of Ashenzari.
  5312 | D:7      | Noticed Prince Ribbit
  5349 | D:7      | Killed Prince Ribbit
  5421 | D:7      | Reached ***** piety under Lugonu
  5422 | D:7      | Reached skill level 3 in Armour
  5460 | D:7      | Found Zalotenn's Assorted Antiques.
  5467 | D:7      | Bought a twisted garnet amulet for 170 gold pieces
  5579 | D:7      | Reached XP level 10. HP: 98/100 MP: 14/14
  5658 | D:7      | Found a large runed translucent door.
  5659 | D:7      | Found a large runed translucent door.
  6000 | D:7      | Found a hazy altar of Hepliaklqana.
  6019 | D:7      | Found an ornate altar of the Wu Jian Council.
  6063 | D:8      | Noticed a catoblepas
  6078 | D:8      | HP: 25/100 [catoblepas (10)]
  6115 | Abyss:1  | Reached skill level 7 in Invocations
  6155 | Abyss:1  | Found a bloodstained altar of Trog.
  6165 | Abyss:1  | Noticed a thrashing horror
  6167 | D:8      | You pass through the gate.
  6167 | D:8      | Escaped the Abyss
  6176 | D:8      | HP: 21/100 [catoblepas (23)]
  6179 | D:8      | Killed a catoblepas
  6181 | D:8      | HP: 16/100 [centaur/arrow (8)]
  6184 | D:8      | Reached skill level 8 in Unarmed Combat
  6327 | D:8      | Reached skill level 7 in Fighting
  6416 | D:8      | You pick up a book of Necromancy and begin reading...
  6416 | D:8      | You add the spells Pain, Animate Skeleton, Vampiric
                  | Draining, Animate Dead and Agony to your library.
  6519 | D:8      | Found Wuits's CLEARANCE SALE! EVERYTHING MUST GO!.
  6751 | D:9      | Reached skill level 4 in Armour
  6795 | D:9      | Found a white marble altar of Elyvilon.
  6896 | D:9      | Noticed Erolcha
  6907 | D:9      | HP: 12/102 [something (25)]
  6908 | D:9      | Slain by Erolcha

Vanquished Creatures
  A catoblepas (D:8)
  A two-headed ogre (D:4)
  A moth of wrath (shapeshifter) (Abyss:2)
  2 trolls (D:9)
  Grinder (D:4)
  Prince Ribbit (D:7)
  A shadow (D:6)
  3 ynoxinuls (Abyss:1)
  4 yaks (D:9)
  Menkaure (D:6)
  2 orc warriors
  A sky beast (D:6)
  3 black bears
  An ice beast (D:8)
  2 centaurs
  3 kobold brigands
  4 bullfrogs
  A wyvern zombie (D:5)
  4 scorpions
  A wyvern skeleton (D:7)
  A howler monkey (D:8)
  2 centaur zombies
  A bullfrog zombie (D:6)
  Crazy Yiuf (D:4)
  3 gnoll shamans
  A hound (D:4)
  2 jellies
  A bullfrog skeleton (D:4)
  An orc priest (D:7)
  A scorpion zombie (D:5)
  Ijyb (D:4)
  Terence (D:2)
  An iguana (D:7)
  2 orc wizards (D:4)
  A killer bee zombie (D:9)
  A hound zombie (D:5)
  3 hound skeletons (D:5)
  17 gnolls
  11 adders
  2 shadow imps
  An adder skeleton (D:4)
  3 worms
  4 dart slugs
  17 orcs
  14 ball pythons
  10 bats
  6 endoplasms
  3 giant cockroaches
  7 goblins
  9 hobgoblins
  23 jackals
  3 quokkas
  3 frilled lizards
  20 kobolds
  6 rats
221 creatures vanquished.

Vanquished Creatures (others)
  4 starspawn tentacles (Abyss:2)
4 creatures vanquished.

Grand Total: 225 creatures vanquished

Table legend:
 A = Non-vault XP
 B = Vault XP
 C = Vault XP percentage of total XP
 D = Non-vault monster count
 E = Vault monster count
 F = Vault count percentage of total count
                 A         B        C        D         E       F
            +---------+---------+-------+---------+---------+-------
      Total |    7864 |    1305 |  14.2 |     193 |      28 |  12.7
            +---------+---------+-------+---------+---------+-------
        D:1 |      53 |       0 |   0.0 |      31 |       0 |   0.0
        D:2 |     112 |      53 |  32.1 |      30 |       5 |  14.3
        D:3 |      70 |       0 |   0.0 |      22 |       0 |   0.0
        D:4 |    1200 |     634 |  34.6 |      24 |      19 |  44.2
        D:5 |     906 |       0 |   0.0 |      32 |       0 |   0.0
        D:6 |     863 |     172 |  16.6 |      14 |       1 |   6.7
        D:7 |     543 |     446 |  45.1 |      14 |       3 |  17.6
        D:8 |    1368 |       0 |   0.0 |       9 |       0 |   0.0
        D:9 |    1599 |       0 |   0.0 |      13 |       0 |   0.0
    Abyss:1 |     645 |       0 |   0.0 |       3 |       0 |   0.0
    Abyss:2 |     505 |       0 |   0.0 |       1 |       0 |   0.0
            +---------+---------+-------+---------+---------+-------

Illustrated notes

Table legend:
 A = Kills in this place as a percentage of kills in entire the game.
 B = Kills by you in this place as a percentage of kills by you in the entire game.
 C = Kills by friends in this place as a percentage of kills by friends in the entire game.
 D = Other kills in this place as a percentage of other kills in the entire game.
 E = Experience gained in this place as a percentage of experience gained in the entire game.
 F = Experience gained in this place divided by the number of levels of this place that you have seen.
                   A       B       C       D       E      F
               +-------+-------+-------+-------+-------+----------------------
         Total | 100.0 | 100.0 |   N/A |   N/A | 100.0 | 764.1
       Dungeon |  98.2 |  98.2 |   N/A |   N/A |  87.5 | 891.0
         Abyss |   1.8 |   1.8 |   N/A |   N/A |  12.5 | 383.3
               +-------+-------+-------+-------+-------+----------------------

Table legend: (Time is in decaauts)
 A = Elapsed time spent in this place.
 B = Non-inter-level travel time spent in this place.
 C = Inter-level travel time spent in this place.
 D = Time resting spent in this place.
 E = Time spent auto-exploring this place.
 F = Levels seen in this place.
 G = Mean time per level.
                   A        B        C        D        E       F      G
               +--------+--------+--------+--------+--------+-----+--------+
         Total |   6873 |   6663 |    210 |    237 |   4872 |  12 |  572.8 |
       Dungeon |   6455 |   6245 |    210 |    154 |   4797 |   9 |  717.2 |
         Abyss |    418 |    418 |      0 |     83 |     75 |   3 |  139.3 |
               +--------+--------+--------+--------+--------+-----+--------+

Top non-repeatable levels by time:
     D:4: 1085 daAuts
     D:3: 913 daAuts
     D:5: 872 daAuts
     D:2: 810 daAuts
     D:1: 766 daAuts
     D:7: 752 daAuts
     D:8: 507 daAuts
     D:6: 494 daAuts
 Abyss:1: 352 daAuts
     D:9: 254 daAuts
 Abyss:2: 65 daAuts
